 Dungeon Crawl Stone Soup version 0.26-a0-710-g95a0c6c400 (webtiles) character file.

Game seed: 8709142849082495658

417 zazu2006 the Magician (level 6, -1/52 HPs)
             Began as a Naga Hedge Wizard on Oct 30, 2020.
             Killed by divine providence
             ... invoked by an orc priest
              (11 damage)
             ... on level 3 of the Dungeon.
             The game lasted 00:08:09 (4148 turns).

zazu2006 the Magician (Naga Hedge Wizard)           Turns: 4148, Time: 00:08:10

Health: -1/52      AC:  4    Str: 13    XL:     6   Next: 92%
Magic:  3/12       EV: 10    Int: 16    God:
Gold:   85         SH:  0    Dex: 10    Spells: 5/14 levels left

rFire    . . .     SeeInvis +   j - +0 dagger (vamp)
rCold    . . .     Faith    .   (no shield)
rNeg     . . .     Spirit   .   b - +0 robe
rPois    +         Reflect  .   c - +0 hat
rElec    .         Harm     .   m - +0 cloak
rCorr    .         Rampage  .   (no gloves)
MR       .....                  (no barding)
Stlth    ++........             (no amulet)
HPRegen  0.17/turn              (no ring)
MPRegen  0.13/turn              (no ring)

@: very slightly contaminated, very slow
A: large, see invisible, deformed body, poison resistance, slowness 2, spit
poison 1, AC +2
a: Spit Poison


You were on level 3 of the Dungeon.
You visited 1 branch of the dungeon, and saw 3 of its levels.
You also visited: Sewer.

You collected 85 gold pieces.

Inventory:

Hand Weapons
 a - a +0 dagger
 j - a +0 vampiric dagger (weapon)
Armour
 b - a +0 robe (worn)
 c - a +0 hat (worn)
 m - a +0 cloak (worn)
 n - a +0 leather armour
Scrolls
 d - 5 scrolls of identify
 e - a scroll of amnesia {unknown}
 f - 2 scrolls of remove curse
 g - a scroll of immolation {unknown}
 h - a scroll of noise {unknown}
 q - a scroll of blinking {unknown}
 r - 2 scrolls of fear {unknown}
 t - a scroll of fog {unknown}
 u - a scroll of teleportation {unknown}
 v - a scroll of magic mapping {unknown}
Potions
 i - a potion of mutation {unknown}
 k - 4 potions of heal wounds {unknown}
 l - a potion of flight {unknown}
 o - a potion of curing {unknown}
 p - 2 potions of might {unknown}
 s - a potion of magic {unknown}


   Skills:
 + Level 1.8 Fighting
 + Level 2.6 Dodging
 + Level 4.4 Stealth
 + Level 4.6 Spellcasting
 + Level 2.8 Conjurations
   Level 1.0 Summonings
 + Level 1.0 Translocations
 + Level 0.7 Air Magic
 * Level 3.1 Poison Magic


You had 5 spell levels left.
You knew the following spells:

 Your Spells              Type           Power        Failure   Level
a - Magic Dart            Conj           ##..         4%          1
b - Mephitic Cloud        Conj/Pois/Air  ##......     19%         3
c - Conjure Flame         Conj/Fire      #.......     26%         3
d - Blink                 Tloc           N/A          16%         2

Your spell library contained the following spells:

 Spells                   Type           Power        Failure   Level
 Call Imp                 Summ           #.......     16%         2
 Slow                     Hex            #.......     24%         2


Dungeon Overview and Level Annotations

Branches:
Dungeon (3/15)              Sewer (visited)

Altars:


Innate Abilities, Weirdness & Mutations

You cannot wear boots.
Your serpentine skin is tough. (AC +2)
You have supernaturally acute eyesight. (SInv)
Armour fits poorly on your strangely shaped body.
Your system is resistant to poisons. (rPois)
You cover ground very slowly.
You can spit poison.


Message History

Aim: an orc, wielding a +0 mace and wearing a +0 scale mail (severely wounded)
You miscast Mephitic Cloud.
You are very lightly contaminated with residual magic.
Nothing appears to happen.
Unknown command.
Unknown command.
Casting: Mephitic Cloud (dangerous; 19% risk of failure)
Confirm with . or Enter, or press ? or * to list all spells.
Aiming: Mephitic Cloud (dangerous; 19% risk of failure)
Press: ? - help, Shift-Dir - straight line, f/p - orc
Aim: an orc, wielding a +0 mace and wearing a +0 scale mail (severely wounded)
You miscast Mephitic Cloud.
Nothing appears to happen.
The orc barely misses you. x2; The orc priest hits you.
* * * LOW HITPOINT WARNING * * *
Unknown command.
Unknown command.
Unknown command.
The orc priest invokes the aid of Beogh against you.
Beogh smites you!
You die...

# #.#.##.......#
##########.##.##.##.####
≈.≈≈≈≈÷≈÷..#...#.##.....
#########...#.#....†....
###.......##...#.##.####.#
.......#.................#
######..........ooo.#
...........##..#.##.#
######..#..##..#@##.# #
#..#..##..#.##o# #
#..#..##..#.##.. ## ..
.....#($. .# ##..###.###
...... #..# . ...... #.
.##### .#


You could see an orc priest and an orc.

Vanquished Creatures
  Sigmund (D:2)
  An orc priest (D:3)
  Crazy Yiuf (D:2)
  10 adders
  4 river rats (Sewer)
  An ooze (D:1)
  A worm (D:2)
  2 dart slugs
  A leopard gecko (D:2)
  4 orcs (D:3)
  9 bats
  3 giant cockroaches
  5 goblins
  5 hobgoblins
  7 jackals
  3 kobolds
  A quokka (D:3)
  6 ball pythons
  9 frilled lizards
  20 rats
94 creatures vanquished.

Notes
Turn   | Place    | Note
-------+----------+-------------------------------------------
     0 | D:1      | zazu2006 the Naga Hedge Wizard began the quest for the Orb.
     0 | D:1      | Reached XP level 1. HP: 15/15 MP: 4/4
   485 | D:1      | Reached XP level 2. HP: 22/22 MP: 3/6
  1294 | D:2      | Reached XP level 3. HP: 15/28 MP: 2/8
  1299 | D:2      | Learned a level 3 spell: Mephitic Cloud
  1303 | D:2      | Learned a level 3 spell: Conjure Flame
  1306 | D:2      | Learned a level 2 spell: Blink
  2239 | D:2      | Reached XP level 4. HP: 36/36 MP: 4/9
  2651 | D:2      | Found a runed translucent door.
  2652 | D:2      | Noticed Crazy Yiuf
  2722 | D:2      | Noticed Sigmund
  2735 | D:2      | Reached skill level 1 in Poison Magic
  2765 | D:2      | Killed Sigmund
  2765 | D:2      | Reached skill level 1 in Fighting
  2765 | D:2      | Reached XP level 5. HP: 34/44 MP: 0/11
  3054 | D:2      | Killed Crazy Yiuf
  3054 | D:2      | Reached XP level 6. HP: 51/51 MP: 7/12
  3472 | D:3      | Found a glowing drain.
  3485 | Sewer    | Entered a sewer
  4148 | D:3      | Killed from afar by an orc priest

Illustrated notes

Levels and vault maps discovered:
D:1:      dpeg_arrival_arbitrary_c, layout_basic
D:2:      layout_basic, uniq_crazy_yiuf_cottage, uniq_sigmund
D:3:      layout_loops_ring, portal_sewer_entry_d, uniq_terence

Skill      XL: |  1  2  3  4  5  6 |
---------------+-------------------+-----
Dodging        | 2 |  2.6
Poison Magic   | 2 3 |  3.1
Fighting       | 1 |  1.8
Stealth        | 4 |  4.4
Spellcasting   | 4 |  4.6
Conjurations   | 2 |  2.8
Summonings     | |  1.0
Translocations | |  1.0
Air Magic      | |  0.7

Action                   |  1- 3 |  4- 6 || total
-------------------------+-------+-------++-------
Melee: Dagger            |    41 |    84 ||   125
 Cast: Magic Dart        |    83 |    94 ||   177
       Mephitic Cloud    |       |     4 ||     4
 Abil: Spit Poison       |    15 |    15 ||    30
  Use: Scroll            |     2 |       ||     2
 Stab: Sleeping          |     1 |     6 ||     7
       Confused          |       |     4 ||     4
Armor: Robe              |    17 |    11 ||    28
Dodge: Dodged            |    36 |    55 ||    91

Table legend: (Time is in decaauts)
 A = Elapsed time spent in this place.
 B = Non-inter-level travel time spent in this place.
 C = Inter-level travel time spent in this place.
 D = Time resting spent in this place.
 E = Time spent auto-exploring this place.
 F = Levels seen in this place.
 G = Mean time per level.
                   A        B        C        D        E       F      G
               +--------+--------+--------+--------+--------+-----+--------+
         Total |   5002 |   4903 |     99 |     16 |   3878 |   4 | 1250.5 |
       Dungeon |   4191 |   4092 |     99 |      0 |   3241 |   3 | 1397.0 |
         Sewer |    811 |    811 |      0 |     16 |    637 |   1 |  811.0 |
               +--------+--------+--------+--------+--------+-----+--------+

Top non-repeatable levels by time:
     D:2: 2129 daAuts
     D:1: 1547 daAuts
   Sewer: 811 daAuts
     D:3: 514 daAuts
